 Dungeon Crawl Stone Soup version 0.31-a0-1327-g8c40ea976f (console) character file.

Game seed: 5844290373925296172

97010 Lightli the Earth Mage (level 15, -3/96 (120) HPs)
             Began as a Demonspawn Alchemist on Dec 21, 2023.
             Was a High Priest of Vehumet.
             Shot with an arrow by a deep elf master archer (12 damage)
             ... on level 1 of the Elven Halls.
             The game lasted 00:55:59 (28109 turns).

Lightli the Earth Mage (Demonspawn Alchemist)      Turns: 28109, Time: 00:56:00

HP:   -3/96 (120)   AC: 15    Str:  9    XL:     15   Next: 70%
MP:   0/29          EV: 16    Int: 27    God:    Vehumet [*****.]
Gold: 399           SH:  8    Dex: 15    Spells: 4/34 levels left

rFire   + . .        y - +8 trident {venom, rElec rPois}
rCold   . . .        (no shield)
rNeg    . . .        o - +3 leather armour "Deis" {Will+ Regen+}
rPois   +            L - -1 helmet "Pirghihyn" {Int+6}
rElec   +            (cloak unavailable)
rCorr   .            v - +0 pair of gloves
SInv    .            D - +1 pair of boots
Will    ++...        W - brooch of Shielding {Spirit SH+8}
Stlth   ++           I - ring of protection from fire
HPRegen 1.16/turn    i - +4 ring of protection
MPRegen 0.21/turn

%: guardian spirit
@: radiating poison, heavily drained
A: rugged brown scales 2, spiny 1, demonic magic 2, weakness stinger 3
a: Renounce Religion


You were on level 1 of the Elven Halls.
You worshipped Vehumet.
Vehumet was extremely pleased with you.
You visited 4 branches of the dungeon, and saw 23 of its levels.
You also visited: Ossuary.

You collected 2455 gold pieces.
You spent 2056 gold pieces at shops.

Inventory:

Hand Weapons
 y - the +8 trident of the Octopus King (weapon) {venom, rElec rPois}
   (You found it on level 12 of the Dungeon)

   rElec:     It insulates you from electricity.
   rPois:     It protects you from poison
 U - a +1 demon whip of venom
Missiles
 a - 2 throwing nets
Armour
 o - the +3 leather armour "Deis" (worn) {Will+ Regen+}
   (You found it on level 2 of the Dungeon)

   Will+:     It increases your willpower.
   Regen+:    It increases your rate of health regeneration.
 v - a +0 pair of gloves (worn)
 D - a +1 pair of boots (worn)
 L - the -1 helmet "Pirghihyn" (worn) {Int+6}
   (You found it on level 10 of the Dungeon)

   Int+6:     It affects your intelligence (+6).
 M - a +2 robe of resistance
Jewellery
 d - the amulet "Qeryzuics" {RegenMP Rampage rElec Stlth-}
   (You found it on level 5 of the Dungeon)

   [amulet of magic regeneration]

   RegenMP:   It increases your rate of magic regeneration.
   rElec:     It insulates you from electricity.
   Rampage:   It bestows one free step when moving towards enemies.
   Stlth-:    It makes you less stealthy.
 i - a +4 ring of protection (right hand)
 w - the ring "Vuafar" {Will+ Str+2 Int+2}
   (You found it on level 3 of the Dungeon)

   [ring of willpower]

   Str+2:     It affects your strength (+2).
   Int+2:     It affects your intelligence (+2).
   Will+:     It increases your willpower.
 I - a ring of protection from fire (left hand)
 K - a ring of resist corrosion
 Q - a ring of ice
 W - the brooch of Shielding (around neck) {Spirit SH+8}
   (You bought it in a shop on level 10 of the Dungeon)

   [amulet of guardian spirit]

   Spirit:    It causes incoming damage to be divided between your reserves of
   health and magic.
   SH+8:      It affects your SH (+8).
Wands
 B - a wand of iceblast (11)
 J - a wand of flame (30)
 O - a wand of polymorph (9)
 S - a wand of digging (10)
 Y - a wand of mindburst (8)
 Z - a wand of paralysis (5)
Scrolls
 e - 3 scrolls of enchant weapon
 j - 3 scrolls of identify
 m - 5 scrolls of fog
 n - 13 scrolls of teleportation
 p - 2 scrolls of poison
 r - a scroll of amnesia
 s - 2 scrolls of summoning
 u - 3 scrolls of vulnerability
 x - a scroll of fear
 z - a scroll of immolation
 A - 3 scrolls of enchant armour
 F - a scroll of silence
 G - a scroll of blinking
 N - 2 scrolls of noise
 V - 3 scrolls of revelation
Potions
 b - 5 potions of magic
 c - 7 potions of curing
 f - 4 potions of brilliance
 g - a potion of resistance
 h - 4 potions of enlightenment
 k - 2 potions of invisibility
 l - 2 potions of mutation
 q - 4 potions of lignification
 t - 3 potions of heal wounds
 C - a potion of berserk rage
 E - a potion of cancellation
 H - 4 potions of haste
 X - a potion of attraction


   Skills:
 - Level 10.0 Fighting
 - Level 10.0 Dodging
 - Level 1.7 Stealth
 - Level 10.0 Spellcasting
 - Level 4.0 Conjurations
 - Level 3.4 Fire Magic
 + Level 19.2 Earth Magic
 - Level 6.0 Alchemy


You had 4 spell levels left.
You knew the following spells:

 Your Spells              Type           Power      Damage    Failure   Level
a - Lee's Rapid Deconstr  Erth           43%        3d21*     1%          5
b - Mercury Vapours       Alch/Air       58%        N/A       1%          2
c - Olgreb's Toxic Radia  Alch           45%        N/A       1%          4
d - Stone Arrow           Conj/Erth      100%       3d13      1%          3
e - Ignite Poison         Fire/Alch      39%        N/A       2%          4
f - Sticky Flame          Fire/Alch      39%        2d8       9%          4
g - Brom's Barrelling Bo  Conj/Erth      66%        2d8       1%          4
h - Iskenderun's Mystic   Conj/Tloc      24%        2d7       7%          4

Your spell library contained the following spells:

 Spells                   Type           Power      Damage    Failure   Level
 Yara's Violent Unravell  Hex/Alch       14%        3d7       13%         5
 Magic Dart               Conj           100%       1d8       1%          1
 Sting                    Conj/Alch      100%       1d9       1%          1
 Momentum Strike          Conj/Tloc      48%        3d9       1%          2
 Static Discharge         Conj/Air       48%        3-5/arc   1%          2
 Mephitic Cloud           Conj/Alch/Air  31%        N/A       1%          3
 Animate Armour           Summ/Erth      100%       N/A       1%          4
 Leda's Liquefaction      Alch/Erth      34%        N/A       1%          4
 Petrify                  Alch/Erth      69%        N/A       1%          4
 Cigotuvi's Dreadful Rot  Necr/Alch/Air  48%        N/A       4%          2
 Frozen Ramparts          Ice            26%        1d4       5%          3
 Summon Small Mammal      Summ           52%        N/A       6%          1
 Blink                    Tloc           26%        N/A       9%          2
 Call Imp                 Summ           26%        N/A       9%          2
 Lesser Beckoning         Tloc           26%        N/A       9%          2
 Sublimation of Blood     Necr           13%        N/A       9%          2
 Airstrike                Air            6%         2d(1-17)  16%         4
 Call Canine Familiar     Summ           13%        N/A       19%         3
 Summon Guardian Golem    Hex/Summ       13%        N/A       19%         3
 Tukima's Dance           Hex            13%        N/A       19%         3
 Dimensional Bullseye     Hex/Tloc       6%         N/A       52%         4
 Summon Lightning Spire   Summ/Air       13%        N/A       52%         4
 Freezing Cloud           Conj/Ice/Air   10%        6-21      24%         5
 Lehudib's Crystal Spear  Conj/Erth      33%        10d8      61%         8
 Plasma Beam              Fire/Air       11%        2x1d22    71%         6
 Metabolic Englaciation   Hex/Ice        6%         N/A       86%         5
 Orb of Destruction       Conj           17%        9d7       90%         7
 Spellforged Servitor     Conj/Summ      12%        N/A       99%         7
 Summon Hydra             Summ           6%         N/A       100%        7
 Ignition                 Fire           16%        3d6       100%        8


Dungeon Overview and Level Annotations

Branches:
Dungeon (15/15)            Temple (0/1) D:6            Lair (5/5) D:10
  Swamp (0/4) Lair:2       Spider (0/4) Lair:2        Slime (0/5) Lair:5
    Orc (2/2) D:10            Elf (1/3) Orc:2        Vaults (0/5) D:13
Ossuary (visited)
 Depths: D:15

Altars:
Ashenzari
Cheibriados
Dithmenos
Kikubaaqudgha
Nemelex Xobeh
Okawaru
Ru
Sif Muna
Trog
Uskayaw
Vehumet
Wu Jian
Xom
Yredelemnul
Lugonu

Shops:
D:3 (   D:5 :   D:9 *   D:10 ((=(?   D:13 :!?(![   Orc:2 !?*!

Portals:
Abyss: Lair:5

Annotations:
D:2 Sigmund
D:11 6 transporters
Orc:2 3 runed translucent doors, topfpfpflanze's ghost, journeyman TeAE


Innate Abilities, Weirdness & Mutations

You are mostly covered in rugged brown scales. (AC +2, +5% HP)
You are partially covered in sharp spines.
Spells you cast may paralyse nearby enemies.
You have a sharp stinger which inflicts weakening toxins.


Message History

The deep elf master archer is severely wounded.
The deep elf archer seems to burn from within!!!
You kill the deep elf archer!
Vehumet accepts your kill.
You feel your power returning.
The deep elf pyromancer seems to burn from within!!!
You kill the deep elf pyromancer!
Vehumet accepts your kill.
You feel your power returning.
The deep elf pyromancer seems to burn from within!
The deep elf pyromancer is heavily wounded.
Malevolent energies surge around you.
The deep elf master archer is poisoned.
The deep elf pyromancer is poisoned.
The deep elf master archer shoots an arrow.
You block the arrow.
The deep elf master archer shoots an arrow.
The arrow hits you!!
You feel drained.
Unknown command.
Casting: Ignite Poison (mildly dangerous; 2% risk of failure)
Confirm with . or Enter, or press ? or * to list all spells.
Aiming: Lee's Rapid Deconstruction (safe; 1% risk of failure)
Press: ? - help, Dir - move target, f - deep elf master archer Fragment what (e.g. wall or brittle monster)?: a deep elf master archer, wielding a +1 longbow of draining and wearing a +0 leather armour (severely wounded, poisoned)
A huge open translucent gate.
Okay, then.
You feel much better.
The deep elf archer is poisoned.
The deep elf master archer shoots an arrow.
The arrow hits you!
You feel drained.
The deep elf master archer shoots an arrow.
The arrow closely misses you.
Unknown command.
Unknown command.
Okay, then.
The deep elf master archer shoots an arrow.
The arrow hits you!!
You feel drained.
The deep elf master archer shoots an arrow.
The arrow hits you!!
* * * LOW HITPOINT WARNING * * *
You feel drained.
You die...

. #.# .##....#.# ## #.#
.''''.... .#######.#
.'$#')'.# ..'....#.#
#e)[e.'# . ..'......##
##).)%)'#..
..####....######)'''#$')..
..# #............)''''...
..# ##.#..#.#.#.#....##.
.## #.#..#.#.#@###### ##
#+##.......$# # ####..####
# #..# ### #..# ..+ #..#
..+ . ### ##


You could see a deep elf master archer (poisoned) and a deep elf pyromancer
(poisoned).

Vanquished Creatures
  Louise (D:14)
  A deep elf annihilator (Elf:1)
  An entropy weaver (shapeshifter) (Lair:5)
  Josephine (Orc:2)
  Fannar (D:11)
  4 vault guards (D:13)
  4 hydras
  Erica (D:8)
  5 centaur warriors
  5 boulder beetles
  3 catoblepae
  2 death yaks (Lair:4)
  A death knight (D:14)
  9 two-headed ogres
  7 orc high priests
  2 thrashing horrors (Lair:5)
  3 deep elf knights (Elf:1)
  Amaemon (Lair:1)
  A fire crab (Lair:5)
  2 skysharks
  2 skeletal warriors
  A large abomination (Lair:5)
  11 deep elf pyromancers
  3 deep elf archers (Elf:1)
  Pikel (D:4)
  11 orc knights
  An orc sorcerer (Elf:1)
  5 deep elf zephyrmancers (Elf:1)
  A lindwurm (Lair:2)
  4 manticores
  6 cyclopes
  7 ugly things
  6 black mambas
  2 kobold blastminers (Orc:1)
  2 gargoyles
  2 smoke demons (Lair:5)
  An orange demon (Lair:1)
  An unseen horror (D:13)
  9 cane toads
  An efreet (D:14)
  3 kobold demonologists (D:10)
  2 rime drakes
  Psyche (D:12)
  10 trolls
  A queen bee (shapeshifter) (D:13)
  A hornet (D:8)
  A raiju (Lair:5)
  18 blink frogs
  A meliai zombie (D:14)
  3 vampires
  3 ynoxinuls (Lair:5)
  4 culicivoras (Lair:2)
  2 shadows
  41 yaks
  11 wraiths
  6 wargs
  8 basilisks
  6 wyverns
  2 steam dragons
  A fire elemental (Elf:1)
  6 vampire mosquitoes
  9 small abominations (Lair:5)
  2 acid dragons
  15 water moccasins
  40 orc warriors
  3 black bears
  Pargi (D:4)
  4 ogres
  11 wolves
  An oni (shapeshifter) (Lair:5)
  11 centaurs
  2 lemures (D:4)
  3 elf zombies (Ossuary)
  2 kobold brigands
  3 scorpions
  10 bullfrogs
  7 wights
  13 killer bees
  3 electric eels
  4 howler monkeys
  4 centaur zombies
  5 hounds
  A gnoll bouda (D:9)
  A human zombie (Ossuary)
  30 orc priests
  Jessica (D:3)
  Ijyb (D:4)
  A boggart zombie (D:14)
  7 iguanas
  21 orc wizards
  3 mummies
  6 gnolls
  5 adders
  3 shadow imps
  2 white imps
  3 adder zombies (Ossuary)
  A worm (D:5)
  2 dart slugs
  77 orcs
  3 bats
  8 endoplasms
  2 giant cockroaches
  10 goblins
  11 hobgoblins
  2 jackals (D:1)
  A quokka (D:1)
  7 ball pythons
  A frilled lizard (D:3)
  12 hobgoblin zombies (Ossuary)
  2 jackal zombies (Ossuary)
  10 kobolds
  8 kobold zombies (Ossuary)
  7 orc zombies (Ossuary)
  7 rats
672 creatures vanquished.

Vanquished Creatures (collateral kills)
  3 boulders (D:11)
3 creatures vanquished.

Vanquished Creatures (others)
  An arcanist (D:3)
  An unseen horror (D:13)
  A boulder (D:11)
3 creatures vanquished.

Grand Total: 678 creatures vanquished

Notes
Turn   | Place    | Note
-------+----------+-------------------------------------------
     0 | D:1      | Lightli the Demonspawn Alchemist began the quest for the
                  | Orb.
     0 | D:1      | Reached XP level 1. HP: 13/13 MP: 3/3
   399 | D:1      | Gained mutation: You have a small tail. [demonic ancestry]
   399 | D:1      | Reached XP level 2. HP: 19/19 MP: 1/5
   961 | D:1      | Reached XP level 3. HP: 24/24 MP: 0/6
  2144 | D:2      | Identified the +3 leather armour "Deis" {Will+ Regen+}
  2519 | D:2      | Found an ancient bone altar of Kikubaaqudgha.
  2590 | D:2      | Noticed Sigmund
  2605 | D:1      | Learned a level 2 spell: Mercury Vapours
  2990 | D:3      | Found a shadowy altar of Dithmenos.
  3011 | D:3      | Found Suigriug's Antique Weapon Shoppe.
  3055 | D:3      | Gained mutation: You are partially covered in rugged brown
                  | scales. (AC +1, +3% HP) [demonic ancestry]
  3055 | D:3      | Reached XP level 4. HP: 24/30 MP: 2/7
  3239 | D:3      | Found an ancient bone altar of Kikubaaqudgha.
  3385 | D:3      | Reached skill level 5 in Alchemy
  3670 | D:3      | Noticed Jessica
  3675 | D:3      | Killed Jessica
  3805 | D:3      | Found a bloodstained altar of Trog.
  3934 | D:3      | Reached XP level 5. HP: 36/36 MP: 2/8
  4011 | D:3      | Learned a level 4 spell: Olgreb's Toxic Radiance
  4159 | D:3      | Identified the ring "Vuafar" {Will+ Str+2 Int+2}
  4395 | D:3      | Noticed an arcanist
  4398 | D:3      | Killed an arcanist
  4399 | D:3      | Reached XP level 6. HP: 42/42 MP: 0/11
  4568 | D:4      | Found a sand-covered staircase.
  4660 | D:4      | Noticed Ijyb
  4661 | D:4      | Noticed Pikel
  4670 | D:4      | Killed Ijyb
  4674 | D:4      | Killed Pikel
  4675 | D:4      | Reached skill level 1 in Fighting
  4675 | D:4      | Reached XP level 7. HP: 50/50 MP: 0/16
  5044 | D:3      | Bought a bloodstained quarterstaff for 189 gold pieces
  5044 | D:3      | Identified the +9 quarterstaff "Ceiblups" {flame, *Rage
                  | rPois Int+2 Dex+2} (You bought it in a shop on level 3 of
                  | the Dungeon)
  5097 | Ossuary  | Entered an ossuary
  5472 | Ossuary  | Gained mutation: You have a tail ending in a sharp stinger.
                  | [demonic ancestry]
  5472 | Ossuary  | Reached XP level 8. HP: 62/62 MP: 17/17
  5484 | Ossuary  | Reached skill level 5 in Fighting
  5602 | D:4      | Noticed Pargi
  5609 | D:4      | Killed Pargi
  6146 | D:5      | Entered Level 5 of the Dungeon
  6287 | D:5      | Found a snail-covered altar of Cheibriados.
  6467 | D:5      | Found a sparkling altar of Nemelex Xobeh.
  6492 | D:5      | Found Kosewk's Book Shoppe.
  6682 | D:5      | Found a radiant altar of Vehumet.
  6696 | D:5      | Became a worshipper of Vehumet
  6875 | D:5      | Reached skill level 5 in Dodging
  6976 | D:5      | Found a sacrificial altar of Ru.
  7274 | D:5      | Identified the amulet "Qeryzuics" {RegenMP Rampage rElec
                  | Stlth-}
  7370 | D:6      | Found a staircase to the Ecumenical Temple.
  7380 | D:6      | Gained mutation: You are partially covered in sharp spines.
                  | [demonic ancestry]
  7380 | D:6      | Reached XP level 9. HP: 71/71 MP: 14/18
  7380 | D:6      | Noticed a two-headed ogre
  7397 | D:6      | Killed a two-headed ogre
  7471 | D:6      | Reached skill level 1 in Earth Magic
  7627 | D:6      | Reached skill level 2 in Earth Magic
  8018 | D:6      | Reached * piety under Vehumet
  8018 | D:6      | Offered knowledge of Foxfire by Vehumet.
  8026 | D:6      | Reached skill level 3 in Earth Magic
  8121 | D:7      | Identified the +1 trident of Feseel {venom, rN+}
  8158 | D:7      | Identified the +9 mace of Dust {flame, rC+ Stlth+}
  8639 | D:7      | Reached skill level 4 in Earth Magic
  8935 | D:8      | Noticed Erica
  9034 | D:8      | Found a basalt altar of Yredelemnul.
  9081 | D:8      | Reached skill level 5 in Earth Magic
  9095 | D:8      | Found a broken altar of Ashenzari.
  9119 | D:8      | Killed Erica
  9120 | D:8      | Reached skill level 6 in Earth Magic
  9120 | D:8      | Reached XP level 10. HP: 59/78 MP: 8/19
  9165 | D:8      | Found an ornate altar of the Wu Jian Council.
  9355 | D:8      | Reached skill level 7 in Earth Magic
  9365 | D:8      | Found an iron altar of Okawaru.
  9390 | D:8      | Learned a level 3 spell: Stone Arrow
  9653 | D:9      | Reached ** piety under Vehumet
  9653 | D:9      | Offered knowledge of Kiss of Death by Vehumet.
  9927 | D:9      | Reached skill level 8 in Earth Magic
 10129 | D:9      | Reached skill level 1 in Fire Magic
 10185 | D:10     | Entered Level 10 of the Dungeon
 10185 | D:10     | Noticed a +0 dagger
 10185 | D:10     | Noticed a +0 spear
 10186 | D:10     | Noticed a +0 short sword
 10186 | D:10     | Noticed a +0 falchion
 10187 | D:10     | Noticed a +0 falchion
 10187 | D:10     | Noticed a +0 short sword
 10187 | D:10     | Noticed a +0 dagger
 10189 | D:10     | Identified the -1 helmet "Pirghihyn" {Int+6}
 10189 | D:10     | Noticed a +0 spear
 10189 | D:10     | Noticed a two-headed ogre
 10317 | D:10     | Killed a two-headed ogre
 10495 | D:10     | Found a hide-covered altar of Uskayaw.
 10522 | D:10     | Found a shimmering altar of Xom.
 10545 | D:10     | Found a staircase to the Orcish Mines.
 10597 | D:10     | Noticed a skeletal warrior
 10710 | D:5      | Bought an Everburning Encyclopedia for 456 gold pieces
 10715 | D:5      | Learned a level 4 spell: Ignite Poison
 10720 | D:5      | Learned a level 4 spell: Sticky Flame
 11086 | D:10     | Killed a skeletal warrior
 11118 | D:10     | Noticed a manticore
 11121 | D:10     | Killed a manticore
 11122 | D:10     | Reached skill level 9 in Earth Magic
 11177 | D:10     | Noticed a cyclops
 11188 | D:10     | Killed a cyclops
 11212 | D:10     | Noticed a deep elf pyromancer
 11223 | D:10     | Noticed a catoblepas
 11422 | D:10     | Found Xizalosh's Weapon Boutique.
 11423 | D:10     | Found Zecalesh's Antique Weapon Emporium.
 11433 | D:10     | Gained mutation: You are mostly covered in rugged brown
                  | scales. (AC +2, +5% HP) [demonic ancestry]
 11433 | D:10     | Reached XP level 11. HP: 73/85 MP: 12/20
 11452 | D:10     | Reached skill level 10 in Earth Magic
 11485 | D:10     | Found Jizatog's Weapon Shop.
 11488 | D:10     | Found Elap's Magic Scroll Shoppe.
 11491 | D:10     | Found Gaejel's Jewellery Boutique.
 11551 | D:10     | Offered knowledge of Searing Ray by Vehumet.
 11598 | D:10     | Found a staircase to the Lair.
 11633 | D:10     | Killed a catoblepas
 11776 | D:10     | Reached *** piety under Vehumet
 11833 | D:10     | Noticed an orc knight
 12133 | D:10     | Noticed a cyan ugly thing
 12139 | D:10     | Killed an orc knight
 12139 | D:10     | Killed a deep elf pyromancer
 12139 | D:10     | Killed a cyan ugly thing
 12202 | D:10     | Identified the +3 whip "Bog Toad" {holy, Int+2 Dex+3}
 12213 | D:10     | Noticed a two-headed ogre
 12226 | D:10     | Killed a two-headed ogre
 12341 | D:10     | Reached skill level 10 in Spellcasting
 12495 | D:10     | Offered knowledge of Brom's Barrelling Boulder by Vehumet.
 12816 | D:10     | Noticed a two-headed ogre
 12827 | D:10     | Killed a two-headed ogre
 12828 | D:10     | Reached skill level 11 in Earth Magic
 12828 | D:10     | Gained mutation: You have a sharp stinger which inflicts
                  | weakening toxins. [demonic ancestry]
 12828 | D:10     | Reached XP level 12. HP: 92/92 MP: 16/26
 12857 | D:10     | Noticed a two-headed ogre
 12866 | D:10     | Killed a two-headed ogre
 13084 | D:10     | Reached skill level 12 in Earth Magic
 13416 | D:9      | Reached **** piety under Vehumet
 13452 | D:9      | Learned a level 4 spell: Brom's Barrelling Boulder
 13475 | D:9      | Found Loraimn's Demolitions Depot.
 13628 | D:11     | Noticed Fannar
 13628 | D:11     | Noticed a two-headed ogre
 13631 | D:11     | Killed Fannar
 13635 | D:11     | Killed a two-headed ogre
 13705 | D:11     | Found a transporter.
 13709 | D:11     | Found a transporter.
 13745 | D:11     | Found a transporter.
 13746 | D:11     | Found a transporter.
 14003 | D:11     | Found a transporter.
 14006 | D:11     | Found a transporter.
 14154 | D:11     | Offered knowledge of Iskenderun's Mystic Blast by Vehumet.
 14160 | D:11     | Learned a level 4 spell: Iskenderun's Mystic Blast
 14228 | D:11     | Noticed a two-headed ogre
 14231 | D:11     | Killed a two-headed ogre
 14542 | Orc:1    | Entered Level 1 of the Orcish Mines
 14545 | Orc:2    | Entered Level 2 of the Orcish Mines
 14558 | Orc:2    | Found a staircase to the Elven Halls.
 14570 | Orc:2    | Reached skill level 10 in Fighting
 14639 | Orc:2    | Noticed an orc high priest
 14643 | Orc:2    | Killed an orc high priest
 14643 | Orc:2    | Reached ***** piety under Vehumet
 14648 | Orc:2    | Offered knowledge of Fireball by Vehumet.
 14756 | Orc:2    | Noticed Josephine
 14768 | Orc:2    | Killed Josephine
 14772 | Orc:2    | Gained mutation: Spells you cast may paralyse adjacent
                  | enemies. [demonic ancestry]
 14772 | Orc:2    | Reached XP level 13. HP: 108/108 MP: 9/27
 14865 | Orc:2    | Noticed topfpfpflanze's ghost (journeyman TeAE)
 14872 | Orc:2    | Found a runed translucent gate.
 14872 | Orc:2    | Found a runed translucent gate.
 14880 | Orc:2    | Found a runed translucent gate.
 15292 | Orc:2    | Reached skill level 10 in Dodging
 15326 | Orc:2    | Found Udghiecyde's Magic Scroll Emporium.
 15329 | Orc:2    | Found Fiunuer's Assorted Antiques.
 15330 | Orc:2    | Found Saalah's Distillery.
 15331 | Orc:2    | Found Fobbees's Distillery.
 15335 | Orc:2    | Bought a scroll labelled GIEMANU OLLOF for 37 gold pieces
 15731 | Orc:1    | Offered knowledge of Plasma Beam by Vehumet.
 15924 | Orc:1    | Found a bloodstained altar of Trog.
 16025 | Orc:1    | Found a radiant altar of Vehumet.
 16159 | D:12     | Noticed Psyche
 16163 | D:12     | Killed Psyche
 16370 | D:12     | Reached skill level 13 in Earth Magic
 16448 | D:12     | Found the +8 trident of the Octopus King {venom, rElec
                  | rPois}
 16609 | D:12     | Found a shimmering blue altar of Sif Muna.
 16963 | Lair:1   | Entered Level 1 of the Lair of Beasts
 17054 | Lair:1   | Noticed Amaemon
 17060 | Lair:1   | Killed Amaemon
 17730 | Lair:2   | Reached skill level 14 in Earth Magic
 17763 | Lair:2   | Found a staircase to the Swamp.
 17861 | Lair:2   | Learned a level 6 spell: Plasma Beam
 18028 | Lair:2   | Reached XP level 14. HP: 88/115 MP: 14/28
 18156 | Lair:2   | Found a hole to the Spider Nest.
 19087 | Lair:3   | Offered knowledge of Conjure Ball Lightning by Vehumet.
 19660 | D:10     | Bought the brooch of Shielding {Spirit SH+8} for 715 gold
                  | pieces
 19660 | D:10     | Found the brooch of Shielding {Spirit SH+8}
 19893 | Lair:4   | Reached skill level 15 in Earth Magic
 21162 | Lair:5   | Entered Level 5 of the Lair of Beasts
 21661 | Lair:5   | Found a staircase to the Slime Pits.
 21823 | Lair:5   | Reached skill level 16 in Earth Magic
 23863 | Lair:5   | Reached skill level 17 in Earth Magic
 24179 | Lair:5   | Found a corrupted altar of Lugonu.
 24179 | Lair:5   | Found a one-way gate to the infinite horrors of the Abyss.
 24186 | Lair:5   | Identified the +2 long sword of the Wasteland {holy, rF+
                  | rC+ Int+4}
 24392 | D:13     | Found Xossuq's Distillery.
 24496 | D:13     | Gained mutation: Spells you cast may paralyse nearby
                  | enemies. [demonic ancestry]
 24496 | D:13     | Reached XP level 15. HP: 72/120 MP: 5/29
 24656 | D:13     | Found Xer Fye's Magic Scroll Shoppe.
 24797 | D:13     | Found a gate to the Vaults.
 24932 | D:13     | Found Aduph's Antique Weapon Shop.
 24944 | D:13     | Offered knowledge of Yara's Violent Unravelling by Vehumet.
 25015 | D:13     | Identified the +2 robe "Goipic" {rPois Will- Int+3}
 25288 | D:13     | Found Histoen's Armour Boutique.
 25356 | D:13     | Found Fieskask's Distillery.
 25417 | D:13     | Found Woyhyce's Tremendous Tomes.
 25623 | D:5      | Bought a book of Iron for 384 gold pieces
 25629 | D:5      | Learned a level 5 spell: Lee's Rapid Deconstruction
 25829 | D:14     | Reached skill level 18 in Earth Magic
 26949 | D:14     | Noticed Louise
 26963 | D:14     | Killed Louise
 27438 | D:15     | Entered Level 15 of the Dungeon
 27544 | D:10     | Bought a ring of protection from fire for 275 gold pieces
 27614 | Elf:1    | Entered Level 1 of the Elven Halls
 28086 | Elf:1    | Found a huge runed translucent gate.
 28087 | Elf:1    | Found a huge runed translucent gate.
 28088 | Elf:1    | Found a huge runed translucent gate.
 28088 | Elf:1    | Found a huge runed translucent gate.
 28089 | Elf:1    | Found a huge runed translucent gate.
 28090 | Elf:1    | Found a huge runed translucent gate.
 28090 | Elf:1    | Found a huge runed translucent gate.
 28090 | Elf:1    | Found a huge runed translucent gate.
 28090 | Elf:1    | Found a huge runed translucent gate.
 28091 | Elf:1    | Found a huge runed translucent gate.
 28091 | Elf:1    | Found a huge runed translucent gate.
 28091 | Elf:1    | Found a huge runed translucent gate.
 28091 | Elf:1    | Found a huge runed translucent gate.
 28091 | Elf:1    | Found a huge runed translucent gate.
 28091 | Elf:1    | Found a huge runed translucent gate.
 28091 | Elf:1    | Found a huge runed translucent gate.
 28091 | Elf:1    | Found a huge runed translucent gate.
 28093 | Elf:1    | Found a huge runed translucent gate.
 28093 | Elf:1    | Found a huge runed translucent gate.
 28093 | Elf:1    | Found a huge runed translucent gate.
 28103 | Elf:1    | Reached skill level 19 in Earth Magic
 28103 | Elf:1    | Noticed a deep elf master archer
 28109 | Elf:1    | Shot with an arrow by a deep elf master archer

Illustrated notes

Levels and vault maps discovered:
D:1:      dpeg_arrival_round_b, layout_loops_corners, minmay_vboxes
D:2:      layout_basic, basic_altar, uniq_crazy_yiuf_cottage, uniq_sigmund
D:3:      layout_loops_corners, mainiacjoe_overflow_alcove_4, trog_wizard,
          grunt_dithmenos_smoke_and_mirrors, serial_shops, nicolae_diamond_shop,
          kennysheep_generic_room_6, uniq_jessica
D:4:      nicolae_cairo_tiling_very_big, layout_basic,
          nicolae_ossuary_entry_ruins, uniq_pikel, uniq_pargi, uniq_ijyb
D:5:      layout_basic, nicolae_ru_sacrificial_ziggurat,
          gammafunk_temple_overflow_pools, slow_altar_1, amcnicky_altar_gilded,
          serial_shops, shop
D:6:      layout_basic, zin_statuary, minmay_temple_entry_slanted
D:7:      layout_basic, nicolae_underground_beach
D:8:      layout_basic, kennysheep_okawaru_gauntlet,
          mainiacjoe_overflow_chevrons, ashenzari_conservatory_becter,
          mainiacjoe_overflow_24_doors, nicolae_figureground_pulse, uniq_erica
D:9:      layout_basic, nicolae_blasting_shop, bh_walls_and_bars
D:10:     hangedman_cross_cluster, layout_loops_corners, lemuel_round_altar,
          nicolae_uskayaw_en_pointe, minmay_lair_entry_grove,
          nicolae_shop_national_dungeon_mall, kennysheep_kite_vault
D:11:     layout_loops_ring, serial_nicolae_subway, nicolae_sub_station_crystal,
          nicolae_sub_station_stone, nicolae_sub_station_metal, uniq_fannar
D:12:     layout_long_grid, nicolae_sif_muna_little_library, uniq_psyche
D:13:     layout_cave_pools, lightli_vaults_fourway_checkpoint, serial_shops,
          nicolae_shop_gibbet_a_chance, shop, nicolae_stop_n_shop_1,
          nicolae_shop_real_fake_doors, nicolae_shop_pleasant_corner_grove,
          minivault_4, nicolae_shop_i_like_big_books
D:14:     layout_roguey, serial_undead, serial_undead_a, serial_undead_b,
          serial_undead_c, serial_undead_b, uniq_louise
D:15:     hellmonk_depths_entry_around_the_bend, layout_cross,
          serial_bayou_pond_a, fedhas_altar_3
Lair:1:   layout_misc_corridors, uniq_amaemon
Lair:2:   layout_loops_ring, swamp_mist_pool,
          hellmonk_spider_entry_life_and_decay
Lair:3:   layout_cellular_growth, infiniplex_staircase_pool, grunt_megastairs_2
Lair:4:   layout_cave_pods, beast_lair_carwin_11, infiniplex_staircase_pool_2,
          serial_bayou_shore_a
Lair:5:   hellmonk_lair_end_abyssal_woods, layout_cave_pods, slime_entry_1
Orc:1:    layout_caves, basic_altar, trog_butcher_becter
Orc:2:    st_orc_pillars, layout_diamond_mine, gammafunk_ghost_split,
          uniq_josephine
Elf:1:    nicolae_elf_arrival_fired_up, layout_gridlike,
          hangedman_elf_represent, minmay_shoptagon

Skill      XL: |  1  2  3  4  5  6  7  8  9 10 11 12 13 14 15 |
---------------+----------------------------------------------+-----
Alchemy        | 4 5 6 |  6.0
Spellcasting   | 3 6 10 | 10.0
Fighting       | 1 4 6 10 | 10.0
Dodging        | 5 6 7 10 | 10.0
Conjurations   | 4 |  4.0
Earth Magic    | 6 9 11 12 14 17 19 | 19.2
Fire Magic     | 3 |  3.4
Stealth        | |  1.7

Action                     |  1- 3 |  4- 6 |  7- 9 | 10-12 | 13-15 || total
---------------------------+-------+-------+-------+-------+-------++-------
  Melee: Unarmed           |       |     1 |     3 |       |       ||     4
         Quarterstaff      |       |       |   111 |     7 |     1 ||   119
         Tailslap          |       |       |    26 |       |     6 ||    32
         Trident           |       |       |       |       |    26 ||    26
   Cast: Sting             |    84 |    51 |   136 |    38 |     1 ||   310
         Olgreb's Toxic Ra |       |     6 |    23 |   114 |   174 ||   317
         Mercury Vapours   |       |       |     5 |     3 |       ||     8
         Stone Arrow       |       |       |       |    96 |   284 ||   380
         Ignite Poison     |       |       |       |    44 |    86 ||   130
         Brom's Barrelling |       |       |       |     4 |       ||     4
         Sticky Flame      |       |       |       |     2 |       ||     2
         Iskenderun's Myst |       |       |       |       |     4 ||     4
         Lee's Rapid Decon |       |       |       |       |    26 ||    26
  Evoke: Wand              |       |       |     1 |       |       ||     1
    Use: Scroll            |       |       |    13 |    12 |     7 ||    32
         Potion            |       |       |       |     1 |     1 ||     2
   Stab: Sleeping          |       |       |     2 |       |       ||     2
         Paralysed         |       |       |       |       |     3 ||     3
 Armour: Robe              |     4 |       |       |       |       ||     4
         Leather armour    |     2 |    28 |   103 |    75 |   120 ||   328
  Dodge: Dodged            |    24 |    21 |    95 |    85 |   122 ||   347
  Block: Other             |       |       |       |       |    41 ||    41

Table legend: (Time is in decaauts)
 A = Elapsed time spent in this place.
 B = Non-inter-level travel time spent in this place.
 C = Inter-level travel time spent in this place.
 D = Time resting spent in this place.
 E = Time spent auto-exploring this place.
 F = Levels seen in this place.
 G = Mean time per level.
                   A        B        C        D        E       F      G
               +--------+--------+--------+--------+--------+-----+--------+
         Total |  28334 |  26064 |   2270 |   4342 |  17895 |  24 | 1180.6 |
       Dungeon |  18308 |  16460 |   1848 |   2451 |  11583 |  15 | 1220.5 |
          Lair |   7364 |   7013 |    351 |    955 |   5315 |   5 | 1472.8 |
  Orcish Mines |   1685 |   1616 |     69 |    349 |    895 |   2 |  842.5 |
   Elven Halls |    411 |    411 |      0 |    279 |     41 |   1 |  411.0 |
       Ossuary |    564 |    564 |      0 |    307 |     60 |   1 |  564.0 |
               +--------+--------+--------+--------+--------+-----+--------+

Top non-repeatable levels by time:
  Lair:5: 2918 daAuts
    D:10: 2455 daAuts
     D:1: 1829 daAuts
    D:14: 1644 daAuts
  Lair:4: 1641 daAuts
     D:3: 1626 daAuts
     D:9: 1577 daAuts
     D:5: 1395 daAuts
   Orc:2: 1278 daAuts
    D:13: 1150 daAuts
     D:2: 1125 daAuts
  Lair:2: 1078 daAuts
     D:4: 1074 daAuts
    D:11: 1070 daAuts
     D:6: 1006 daAuts
